 Dungeon Crawl Stone Soup version 0.31-a0-239-g0a1456f148 (webtiles) character file.

Game seed: 12399913203585879935

5019 qw the Skirmisher (level 10, -1/88 HPs)
             Began as a Minotaur Hexslinger on July 11, 2023.
             Was a Follower of Okawaru.
             Succumbed to a gnoll's poison
             ... on level 8 of the Dungeon.
             The game lasted 00:04:26 (7409 turns).

qw the Skirmisher (Minotaur Hexslinger)             Turns: 7409, Time: 00:04:27

Health: -1/88      AC: 12    Str: 13    XL:     10   Next: 30%
Magic:  11/11      EV: 16    Int: 10    God:    Okawaru [*.....]
Gold:   431        SH:  0    Dex: 17    Spells: 10/11 levels left

rFire   . . .        r - +0 shortbow
rCold   . . .        (shield currently unavailable)
rNeg    . . .        k - +0 ring mail
rPois   .            (helmet restricted)
rElec   .            l - +0 cloak
rCorr   .            g - +1 Delatra's gloves {ID++}
SInv    .            f - +0 pair of boots
Will    .....        h - amulet of regeneration
Stlth   ++           (no ring)
HPRegen 1.14/turn    (no ring)
MPRegen 0.12/turn

%: no passive effects
@: lethally poisoned (-1 -> -18), about to teleport, heroic
A: horns 2, retaliatory headbutt
a: Renounce Religion, Heroism


You were on level 8 of the Dungeon.
You worshipped Okawaru.
Okawaru was aware of your devotion.
You visited 2 branches of the dungeon, and saw 9 of its levels.

You collected 431 gold pieces.


Innate Abilities, Weirdness & Mutations

You have a pair of horns on your head.
You reflexively headbutt those who attack you in melee.


   Skills:
 - Level 8.0(13.0) Fighting
 + Level 12.8(17.8) Ranged Weapons
 - Level 4.5(9.5) Armour
 - Level 5.3(10.3) Dodging
 - Level 1.0 Spellcasting
 - Level 2.0 Hexes
 + Level 3.7 Invocations


You had 10 spell levels left.
You knew the following spells:

 Your Spells              Type           Power      Damage    Failure   Level
a - Slow                  Hex            16%        N/A       28%         1

Your spell library contained the following spells:

 Spells                   Type           Power      Damage    Failure   Level
 Inner Flame              Hex/Fire       2%         N/A       77%         3
 Portal Projectile        Hex/Tloc       4%         N/A       77%         3
 Cause Fear               Hex            2%         N/A       95%         4

Inventory:

Hand Weapons
 r - a +0 shortbow (weapon)
Armour
 f - a +0 pair of boots (worn)
 g - the +1 Delatra's gloves (worn) {ID++}
   (You found it on level 2 of the Dungeon)

   ID++:      It heals its wearer when they drink unknown potions, and restores
   their MP when they read unknown scrolls.
 k - a +0 ring mail (worn)
 l - a +0 cloak (worn)
Jewellery
 h - an amulet of regeneration (around neck)
 n - the ring "Wommathi" {Fire Fly Slay-4 Stlth+}
   (You acquired it on level 7 of the Dungeon)

   [ring of fire]

   It enhances your fire magic.
   Slay:      It affects your accuracy & damage with ranged weapons and melee
   (-4).
   rF:        It protects you from fire.
   rC:        It makes you vulnerable to cold.
   Fly:       It grants you flight.
   Stlth:     It makes you more stealthy.
Scrolls
 b - a scroll of identify
 o - 2 scrolls of teleportation
Potions
 c - a potion of cancellation {unknown}
 d - a potion of haste
 e - 2 potions of might
 j - a potion of mutation {unknown}
 m - a potion of enlightenment {unknown}
 p - a potion of degeneration {unknown}
 q - a potion of invisibility {unknown}
 s - a potion of magic {unknown}
 t - a potion of attraction {unknown}

Dungeon Overview and Level Annotations

Branches:
Dungeon (8/15)             Temple (1/1) D:7
   Lair: D:8-11

Altars:
Ashenzari
Cheibriados
Dithmenos
Elyvilon
Fedhas
Gozag
Hepliaklqana
Kikubaaqudgha
Makhleb
Okawaru
Qazlal
Ru
Sif Muna
Trog
Uskayaw
Vehumet
Wu Jian
Yredelemnul
Zin
The Shining One


Message History

You feel sick. The gnoll closely misses you.
The gnoll hits you but does no damage.
You shoot an arrow. The arrow hits the orc warrior!
The orc warrior is heavily wounded.
You feel sick. The gnoll closely misses you. x2
The orc warrior completely misses you. You furiously retaliate!
You headbutt the orc warrior! You shoot an arrow.
The arrow hits the orc warrior.
The orc warrior is almost dead.
You feel sick.
The gnoll hits you but does no damage. x2
You are more poisoned.
The orc warrior hits you with a +0 scimitar!
You shoot an arrow.
The arrow barely misses the orc warrior.
The arrow hits the gnoll.
The gnoll is heavily wounded.
You feel sick.
You shoot an arrow.
The arrow hits the orc warrior but does no damage.
The orc warrior is almost dead.
You feel sick. The gnoll misses you. The gnoll closely misses you.
The orc warrior hits you with a +0 scimitar.
7407 ||| READING 3 scrolls of teleportation.
As you read the scroll of teleportation, it crumbles to dust.
You feel strangely unstable.
You feel sick.
The gnoll hits you from afar with a +1 spear of venom!
You are more poisoned.
The gnoll hits you with a +0 whip.
The orc warrior hits you with a +0 scimitar!
7408 ||| DRINKING potion of heal wounds.
You feel much better.
You feel very sick. The gnoll hits you with a +0 whip!
The gnoll hits you from afar with a +1 spear of venom.
You are lethally poisoned!
The orc warrior hits you with a +0 scimitar.
You shoot an arrow. The arrow hits the orc warrior.
The orc warrior is almost dead.
You die... 7.7P7.....7.....)..7......# ###777...7777...)7)..7....# ##### ##'''#....)...## .gOo.

#...#.777.7...#
..g.(g #.>.###
#7.P..# #...#
.#7.7[.# #...#
..#7....#
#######'#...#.P7..#
.....go@))..#.....#
......g.'...#.....#
###################


You could see an orc warrior and 2 gnolls.

Vanquished Creatures
  Prince Ribbit (D:8)
  Grinder (D:3)
  2 wyverns
  A steam dragon (D:8)
  2 water moccasins
  An orc warrior (D:8)
  2 sky beasts (D:7)
  3 ogres
  A black bear (D:5)
  3 ice beasts
  2 centaurs (D:8)
  2 phantoms (D:5)
  2 kobold brigands (D:8)
  7 bullfrogs
  A gnoll sergeant (D:8)
  3 scorpions
  3 wights (D:8)
  6 killer bees (D:8)
  2 howler monkeys (D:7)
  6 hounds
  8 orc priests
  2 sleepcaps
  8 iguanas
  12 orc wizards
  Robin (D:3)
  16 gnolls
  11 adders
  5 river rats (D:5)
  An ufetubus (D:5)
  2 worms
  5 dart slugs
  39 orcs
  2 ball pythons
  6 endoplasms
  2 giant cockroaches
  14 goblins
  16 hobgoblins
  2 jackals (D:4)
  15 kobolds
  7 quokkas
  5 bats
  2 frilled lizards (D:2)
  25 rats
257 creatures vanquished.

Notes
Turn   | Place    | Note
-------+----------+-------------------------------------------
     0 | D:1      | qw the Minotaur Hexslinger began the quest for the Orb.
     0 | D:1      | Reached XP level 1. HP: 16/16 MP: 1/1
     0 | D:1      | 0 ||| qw: Version: 0.3-a-52-g30416fa
     0 | D:1      | 0 ||| qw: Game counter: 5929
     0 | D:1      | 0 ||| qw: Melee chars always use a shield: true
     0 | D:1      | 0 ||| qw: God list: Okawaru
     0 | D:1      | 0 ||| qw: Allow faded altars: false
     0 | D:1      | 0 ||| qw: Do Orc after clearing Dungeon:15 true
     0 | D:1      | 0 ||| qw: Do second Lair branch before Depths: true
     0 | D:1      | 0 ||| qw: Lair rune preference: random
     0 | D:1      | 0 ||| qw: Goals: Normal
     0 | D:1      | 0 ||| PLANNING D:1-11
    85 | D:1      | HP: 3/16 [frozen (4)]
   224 | D:1      | Reached skill level 3 in Ranged Weapons
   224 | D:1      | Reached XP level 2. HP: 23/23 MP: 2/2
   801 | D:1      | 801 ||| UPGRADING to amulet of regeneration.
   806 | D:1      | 806 ||| DROPPING ring of flight.
   807 | D:1      | 807 ||| READING scroll labelled IQAGIA FUKAPON.
   808 | D:1      | 808 ||| DRINKING 2 orange potions.
   809 | D:1      | 809 ||| DROPPING scroll of poison.
   872 | D:2      | Reached XP level 3. HP: 29/29 MP: 3/3
   874 | D:2      | 874 ||| STAIRDANCE
   973 | D:2      | Reached skill level 4 in Ranged Weapons
  1107 | D:2      | 1107 ||| FLEEEEING.
  1108 | D:2      | 1108 ||| FLEEEEING.
  1109 | D:2      | 1109 ||| FLEEEEING.
  1110 | D:2      | 1110 ||| FLEEEEING.
  1111 | D:2      | 1111 ||| FLEEEEING.
  1112 | D:2      | 1112 ||| FLEEEEING.
  1113 | D:2      | 1113 ||| FLEEEEING.
  1114 | D:2      | 1114 ||| FLEEEEING.
  1115 | D:2      | 1115 ||| FLEEEEING.
  1116 | D:2      | 1116 ||| FLEEEEING.
  1252 | D:2      | Reached XP level 4. HP: 36/36 MP: 4/4
  1420 | D:2      | Reached skill level 5 in Ranged Weapons
  1424 | D:2      | Found the +1 Delatra's gloves {ID++}
  1630 | D:2      | 1630 ||| UPGRADING to +0 leather armour.
  1640 | D:2      | 1640 ||| DROPPING +0 robe.
  1641 | D:2      | 1641 ||| UPGRADING to +1 Delatra's gloves {ID++}.
  1646 | D:2      | 1646 ||| READING scroll labelled VAEWNUGUURGH.
  1647 | D:2      | 1647 ||| DRINKING 2 sedimented pink potions.
  1648 | D:2      | 1648 ||| DRINKING 2 lumpy puce potions.
  1649 | D:2      | 1649 ||| DRINKING 2 bubbling amethyst potions.
  1687 | D:3      | Noticed Robin
  1696 | D:3      | Killed Robin
  1713 | D:3      | Reached skill level 3 in Fighting
  1774 | D:3      | Noticed Grinder
  1781 | D:3      | Paralysed by Grinder for 5 turns
  1790 | D:3      | Paralysed by Grinder for 3 turns
  1794 | D:3      | Reached XP level 5. HP: 39/45 MP: 5/5
  1808 | D:3      | Paralysed by Grinder for 4 turns
  1819 | D:3      | 1819 ||| FLEEEEING.
  1820 | D:3      | 1820 ||| FLEEEEING.
  1821 | D:3      | 1821 ||| FLEEEEING.
  1822 | D:3      | 1822 ||| FLEEEEING.
  1823 | D:3      | 1823 ||| FLEEEEING.
  1824 | D:3      | 1824 ||| FLEEEEING.
  1825 | D:3      | 1825 ||| FLEEEEING.
  1826 | D:3      | 1826 ||| FLEEEEING.
  1845 | D:3      | Killed Grinder
  1846 | D:3      | Reached skill level 6 in Ranged Weapons
  1846 | D:3      | Reached XP level 6. HP: 37/51 MP: 6/6
  1950 | D:3      | Reached skill level 1 in Armour
  2281 | D:3      | Found a white marble altar of Elyvilon.
  2445 | D:3      | 2445 ||| UPGRADING to +0 ring mail.
  2455 | D:3      | 2455 ||| DROPPING +0 leather armour.
  2456 | D:3      | 2456 ||| UPGRADING to +0 cloak.
  2461 | D:3      | 2461 ||| READING scroll labelled XASTRI YGUZYIL.
  2462 | D:3      | 2462 ||| READING scroll labelled EROIDO MEIROE.
  2497 | D:4      | Reached skill level 7 in Ranged Weapons
  2731 | D:4      | 2731 ||| FLEEEEING.
  2732 | D:4      | 2732 ||| FLEEEEING.
  2733 | D:4      | 2733 ||| FLEEEEING.
  2734 | D:4      | 2734 ||| FLEEEEING.
  2735 | D:4      | 2735 ||| FLEEEEING.
  2736 | D:4      | 2736 ||| FLEEEEING.
  2737 | D:4      | 2737 ||| FLEEEEING.
  2755 | D:4      | Reached XP level 7. HP: 57/58 MP: 7/7
  3051 | D:4      | Found a bloodstained altar of Trog.
  3060 | D:4      | Found a snail-covered altar of Cheibriados.
  3162 | D:4      | 3162 ||| READING 2 scrolls labelled KALOEW BUMEBB.
  3175 | D:5      | Entered Level 5 of the Dungeon
  3207 | D:5      | Reached skill level 8 in Ranged Weapons
  3291 | D:5      | Found a sacrificial altar of Ru.
  3491 | D:5      | Noticed a wyvern
  3508 | D:5      | Killed a wyvern
  3509 | D:5      | Reached skill level 9 in Ranged Weapons
  3509 | D:5      | Reached XP level 8. HP: 32/69 MP: 8/8
  3528 | D:5      | 3528 ||| FLEEEEING.
  3535 | D:5      | 3535 ||| FLEEEEING.
  3536 | D:5      | 3536 ||| FLEEEEING.
  3537 | D:5      | 3537 ||| FLEEEEING.
  3538 | D:5      | 3538 ||| FLEEEEING.
  3542 | D:5      | 3542 ||| STAIRDANCE
  3629 | D:5      | Reached skill level 3 in Dodging
  3768 | D:5      | Reached skill level 6 in Fighting
  3882 | D:5      | Found a stormy altar of Qazlal.
  4019 | D:6      | Reached skill level 10 in Ranged Weapons
  4177 | D:6      | Reached skill level 3 in Armour
  4363 | D:6      | Reached XP level 9. HP: 79/79 MP: 9/9
  4950 | D:6      | 4950 ||| UPGRADING to +0 pair of boots.
  4955 | D:6      | 4955 ||| READING scroll labelled XENOMU DUQEFF.
  4956 | D:6      | 4956 ||| READING scroll labelled EKHEDOU VELOMIDGH.
  5026 | D:7      | Reached skill level 11 in Ranged Weapons
  5235 | D:7      | Found a staircase to the Ecumenical Temple.
  5236 | D:7      | 5236 ||| PLANNING TEMPLE
  5257 | Temple   | Entered the Ecumenical Temple
  5405 | Temple   | 5405 ||| PLANNING OKAWARU WORSHIP
  5421 | Temple   | Became a worshipper of Warmaster Okawaru
  5422 | Temple   | 5422 ||| PLANNING D:1-11
  6238 | D:7      | Reached skill level 12 in Ranged Weapons
  6405 | D:7      | 6405 ||| READING scroll labelled YDGHOGHIERE.
  6406 | D:7      | 6406 ||| READING scroll labelled ZOSOAZ TISERIL.
  6406 | D:7      | Identified a scroll of acquirement
  6406 | D:7      | 6406 ||| ACQUIRING ring "Wommathi" {Fire Fly Slay-4 Stlth+}
  6406 | D:7      | Acquired the ring "Wommathi" {Fire Fly Slay-4 Stlth+}
  6445 | D:8      | 6445 ||| Stepping ~*~*~tactically~*~*~ (outnumbered).
  6563 | D:8      | Noticed Prince Ribbit
  6578 | D:8      | HP: 20/81 [wyvern (6)]
  6579 | D:8      | 6579 ||| READING 4 scrolls of teleportation.
  6643 | D:8      | 6643 ||| Stepping ~*~*~tactically~*~*~ (outnumbered).
  6651 | D:8      | Reached * piety under Okawaru
  6652 | D:8      | 6652 ||| INVOKING Heroism.
  6677 | D:8      | 6677 ||| FLEEEEING.
  6704 | D:8      | Reached skill level 1 in Invocations
  6704 | D:8      | 6704 ||| FLEEEEING.
  6709 | D:8      | 6709 ||| STAIRDANCE
  6723 | D:7      | 6723 ||| READING scroll labelled XONGE GANAM.
  6743 | D:8      | Reached XP level 10. HP: 88/88 MP: 10/10
  6750 | D:8      | 6750 ||| SWAPPING to +0 shortbow.
  6751 | D:8      | 6751 ||| DROPPING +2 sling.
  6865 | D:8      | 6865 ||| DRINKING 2 potions of curing.
  6865 | D:8      | 6865 ||| (to cure confusion)
  6866 | D:8      | 6866 ||| Stepping ~*~*~tactically~*~*~ (outnumbered).
  6868 | D:8      | 6868 ||| INVOKING Heroism.
  6888 | D:8      | 6888 ||| DRINKING potion of curing.
  6888 | D:8      | 6888 ||| (to cure confusion)
  7019 | D:8      | 7019 ||| FLEEEEING.
  7026 | D:8      | 7026 ||| FLEEEEING.
  7035 | D:8      | 7035 ||| INVOKING Heroism.
  7254 | D:8      | Killed Prince Ribbit
  7255 | D:8      | Reached skill level 3 in Invocations
  7295 | D:8      | 7295 ||| DROPPING +1 pair of gloves.
  7389 | D:8      | 7389 ||| INVOKING Heroism.
  7406 | D:8      | HP: 19/88 [orc warrior/+0 scimitar (5)]
  7407 | D:8      | 7407 ||| READING 3 scrolls of teleportation.
  7407 | D:8      | HP: 8/88 [gnoll/+0 whip (3)]
  7407 | D:8      | HP: 1/88 [orc warrior/+0 scimitar (7)]
  7408 | D:8      | 7408 ||| DRINKING potion of heal wounds.
  7409 | D:8      | Succumbed to a gnoll's poison

Levels and vault maps discovered:
D:1:      dpeg_arrival_snail, layout_basic
D:2:      layout_loops_ring, pf_guarded_unrand_delatra
D:3:      layout_loops_cross, elyvilon_altar_1, uniq_robin, uniq_grinder
D:4:      layout_loops_ring, mainiacjoe_overflow_swirl
D:5:      lemuel_ratsnest, layout_cave_pools, lemuel_round_altar,
          mainiacjoe_overflow_alcove_2
D:6:      minmay_evil_eye, layout_cave_pods, kennysheep_generic_room_10
D:7:      layout_layer_cave, minmay_temple_entry_hall
D:8:      kennysheep_housing_project, layout_loops_ring, uniq_erica,
          uniq_prince_ribbit1
Temple:   bh_familiar_temple

Skill      XL: |  1  2  3  4  5  6  7  8  9 10 |
---------------+-------------------------------+-----
Ranged Weapons | 3 4 5 6 7 9 10 12 | 12.8
Fighting       | 2 3 4 5 7 8 |  8.0
Armour         | 2 3 4 |  4.5
Dodging        | 3 5 |  5.3
Invocations    | 1 3 |  3.7
Spellcasting   | |  1.0
Hexes          | |  2.0

Action                     |  1- 3 |  4- 6 |  7- 9 | 10-12 || total
---------------------------+-------+-------+-------+-------++-------
   Fire: Sling             |   117 |   262 |   615 |     2 ||   996
         Shortbow          |       |       |       |   224 ||   224
 Invoke: Heroism           |       |       |     1 |     3 ||     4
    Use: Potion            |     1 |     3 |       |     3 ||     7
         Scroll            |     1 |     3 |     7 |     1 ||    12
 Armour: Robe              |     7 |     6 |       |       ||    13
         Leather armour    |       |    31 |       |       ||    31
         Ring mail         |       |    12 |   136 |    56 ||   204
  Dodge: Dodged            |    32 |    60 |   223 |    82 ||   397

Table legend:
 A = Non-vault XP
 B = Vault XP
 C = Vault XP percentage of total XP
 D = Non-vault monster count
 E = Vault monster count
 F = Vault count percentage of total count
                 A         B        C        D         E       F
            +---------+---------+-------+---------+---------+-------
      Total |    5548 |    1623 |  22.6 |     189 |      68 |  26.5
            +---------+---------+-------+---------+---------+-------
        D:1 |      44 |       0 |   0.0 |      17 |       0 |   0.0
        D:2 |      58 |      44 |  43.1 |      22 |       4 |  15.4
        D:3 |     175 |     312 |  64.1 |      26 |      13 |  33.3
        D:4 |     216 |       0 |   0.0 |      21 |       0 |   0.0
        D:5 |     813 |     425 |  34.3 |      25 |      30 |  54.5
        D:6 |    1134 |      51 |   4.3 |      23 |       2 |   8.0
        D:7 |    1095 |       0 |   0.0 |      17 |       0 |   0.0
        D:8 |    2013 |     791 |  28.2 |      38 |      19 |  33.3
            +---------+---------+-------+---------+---------+-------
